 Dungeon Crawl Stone Soup version 0.31.0-4-g52a2dc7128 (webtiles) character file.

Game seed: 11900064549314316407

75 dorian the Shooter (level 3, -8/30 HPs)
             Began as a Demigod Hunter on Jan 21, 2024.
             Mangled by Terence
             ... wielding a +2 heavy mace
              (16 damage)
             ... on level 3 of the Dungeon.
             The game lasted 00:02:22 (1666 turns).

dorian the Shooter (Demigod Hunter)                 Turns: 1666, Time: 00:02:22

Health: -8/30      AC:  3    Str: 12    XL:     3   Next: 88%
Magic:  5/5        EV: 12    Int: 11    God:
Gold:   64         SH:  0    Dex: 21    Spells: 2/2 levels left

rFire   . . .        j - +3 short sword
rCold   . . .        (no shield)
rNeg    . . .        c - +0 leather armour
rPois   .            (no helmet)
rElec   .            (no cloak)
rCorr   .            (no gloves)
SInv    .            (no boots)
Will    .....        (no amulet)
Stlth   ++           (no ring)
HPRegen 0.25/turn    (no ring)
MPRegen 0.09/turn

%: no passive effects
@: no status effects
A: high MP 1, forlorn, divine attributes
a: no special abilities


You were on level 3 of the Dungeon.
You visited 1 branch of the dungeon, and saw 3 of its levels.

You collected 64 gold pieces.

Inventory:

Hand Weapons
 a - a +1 shortbow
 j - a +3 short sword (weapon)
Armour
 c - a +0 leather armour (worn)
Scrolls
 b - a scroll of butterflies
 e - a scroll of acquirement {unknown}
 k - a scroll of identify {unknown}
Potions
 d - a potion of heal wounds {unknown}
 f - a potion of mutation {unknown}
 g - 2 potions of ambrosia {unknown}
 h - a potion of might {unknown}
 i - 2 potions of enlightenment {unknown}
 l - a potion of curing {unknown}


   Skills:
 + Level 2.5 Fighting
 * Level 4.6 Ranged Weapons
 + Level 1.0 Armour
 - Level 1.7 Dodging
 - Level 0.8 Stealth


You had 2 spell levels left.
You didn't know any spells.
Your spell library contained the following spells:

 Spells                   Type           Power      Damage    Failure   Level
 Tukima's Dance           Hex            0%         N/A       80%         3
 Passage of Golubria      Tloc           0%         N/A       99%         4
 Yara's Violent Unravell  Hex/Alch       0%         3d3       100%        5


Dungeon Overview and Level Annotations

Branches:
Dungeon (3/15) Zot: 16299

Annotations:
D:3 Terence


Innate Abilities, Weirdness & Mutations

You have an increased reservoir of magic. (+10% MP)
You shall have no god before yourself.
Your divine heritage dramatically boosts your attributes as you level up.


Message History

You feel sick.
You are no longer poisoned.
Terence bares his teeth.
Terence hits you with a +2 heavy mace!
You are too injured to fight recklessly!
You are too injured to fight recklessly!
You are too injured to fight recklessly!
Fire: a) +1 shortbow
Press: ? - help, Q - select action Shift-Dir - straight line, f/p - Terence
Aim: Terence, wielding a +2 heavy mace and wearing a +0 scale mail (lightly wounded, 69% to hit)
You shoot an arrow. The arrow barely misses Terence.
Terence misses you.
Fire: a) +1 shortbow
Press: ? - help, Q - select action Shift-Dir - straight line, f/p - Terence
Aim: Terence, wielding a +2 heavy mace and wearing a +0 scale mail (lightly wounded, 69% to hit)
You shoot an arrow. The arrow barely misses Terence.
Terence barely misses you.
Fire: a) +1 shortbow
Press: ? - help, Q - select action Shift-Dir - straight line, f/p - Terence
Aim: Terence, wielding a +2 heavy mace and wearing a +0 scale mail (lightly wounded, 69% to hit)
You shoot an arrow. The arrow hits Terence!
Terence is heavily wounded.
Terence closely misses you.
Fire: a) +1 shortbow
Press: ? - help, Q - select action Shift-Dir - straight line, f/p - Terence
Aim: Terence, wielding a +2 heavy mace and wearing a +0 scale mail (heavily wounded, 69% to hit)
You shoot an arrow. The arrow barely misses Terence.
Terence hits you with a +2 heavy mace!
* * * LOW HITPOINT WARNING * * *
Fire: a) +1 shortbow
Press: ? - help, Q - select action Shift-Dir - straight line, f/p - Terence
Aim: Terence, wielding a +2 heavy mace and wearing a +0 scale mail (heavily wounded, 69% to hit)
You shoot an arrow. The arrow hits Terence.
Terence is severely wounded.
Sorry, you're not good enough to have a special ability.
j - a +3 short sword (weapon)
Terence hits you with a +2 heavy mace!
Ouch! That really hurt!
You die...
Terence says, "Time to find some more victims."

#..>.#
#####....#
#........#
##.########
#..# ###.##
#...#
######.####
#.......@.#
#.#######@#
.# .# .# .#
.# .#


You could see Terence.

Vanquished Creatures
  2 adders
  4 ball pythons
  9 endoplasms
  A giant cockroach (D:1)
  3 goblins (D:1)
  9 hobgoblins
  3 jackals (D:2)
  3 kobolds (D:1)
  A quokka (D:2)
  8 bats
  3 frilled lizards
  5 rats
51 creatures vanquished.

Notes
Turn   | Place    | Note
-------+----------+-------------------------------------------
     0 | D:1      | dorian the Demigod Hunter began the quest for the Orb.
     0 | D:1      | Reached XP level 1. HP: 17/17 MP: 3/3
   226 | D:1      | Reached XP level 2. HP: 24/24 MP: 4/4
   230 | D:1      | Reached skill level 4 in Ranged Weapons
  1001 | D:2      | Reached XP level 3. HP: 29/29 MP: 5/5
  1653 | D:3      | Noticed Terence
  1659 | D:3      | Reached skill level 1 in Armour
  1666 | D:3      | Mangled by Terence

Illustrated notes

Levels and vault maps discovered:
D:1:      sevenhm_arrival_forest_fort_small_3, layout_loops_corners,
          serial_bayou_pond_c
D:2:      layout_basic, dilly_ecumenical_altar_fadedgnrine,
          nicolae_underground_beach
D:3:      layout_rooms, portal_sewer_entry_e, minmay_vboxes, uniq_terence

Skill      XL: |  1  2  3 |
---------------+----------+-----
Fighting       | 2 |  2.5
Ranged Weapons | 4 |  4.6
Armour         | 1 |  1.0
Dodging        | |  1.7
Stealth        | |  0.8

Action                     || total
---------------------------++-------
   Fire: Shortbow          ||   128
    Use: Scroll            ||     2
 Armour: Leather armour    ||    17
  Dodge: Dodged            ||    24
